 Dungeon Crawl Stone Soup version 0.28-a0-589-g333b8329f1 (webtiles) character file.

Game seed: 2690942122034249466

121 Klosterheim the Digger (level 5, -1/38 HPs)
             Began as a Formicid Earth Elementalist on Oct 3, 2021.
             Slain by a gnoll (2 damage)
             ... on level 2 of the Dungeon on Oct 4, 2021.
             The game lasted 00:02:19 (2304 turns).

Klosterheim the Digger (FoEE)                       Turns: 2304, Time: 00:02:20

Health: -1/38      AC:  2    Str: 12    XL:     5   Next: 26%
Magic:  4/8        EV:  6    Int: 16    God:
Gold:   93         SH:  0    Dex: 11    Spells: 7/8 levels left

rFire   . . .      SeeInvis +     - Unarmed
rCold   . . .      Faith    .   (no shield)
rNeg    . . .      Spirit   .   b - +0 robe
rPois   .          Reflect  .   (helmet unavailable)
rElec   .          Harm     .   (no cloak)
rCorr   .          Rampage  .   (no gloves)
Will    .....                   (no boots)
Stlth   ++........              (no amulet)
HPRegen 0.12/turn               (no ring)
MPRegen 0.11/turn               (no ring)

@: attractive, held
A: permanent stasis, dig shafts and tunnels, antennae 3, four strong arms
a: Dig, Shaft Self


You were on level 2 of the Dungeon.
You visited 1 branch of the dungeon, and saw 2 of its levels.

You collected 93 gold pieces.

Inventory:

Missiles
 c - 21 stones
Armour
 b - a +0 robe (worn)
Scrolls
 a - 3 scrolls of identify {unknown}
 f - 2 scrolls of teleportation {unknown}
 g - a scroll of brand weapon {unknown}
 h - a scroll of noise {unknown}
 i - a scroll of vulnerability {unknown}
 j - a scroll of enchant armour {unknown}
Potions
 e - a potion of curing {unknown}


   Skills:
 + Level 2.0 Fighting
 - Level 2.0 Dodging
 - Level 3.0 Stealth
 * Level 2.9 Unarmed Combat
 - Level 2.1 Spellcasting
 - Level 2.0 Transmutations
 - Level 4.0 Earth Magic


You had 7 spell levels left.
You knew the following spells:

 Your Spells              Type           Power      Damage    Failure   Level
a - Sandblast             Erth           28%        2d8       4%          1

Your spell library contained the following spells:

 Spells                   Type           Power      Damage    Failure   Level
 Passwall                 Tmut/Erth      9%         N/A       9%          2
 Stone Arrow              Conj/Erth      16%        3d8       26%         3
 Ensorcelled Hibernation  Hex/Ice        2%         N/A       30%         2
 Ozocubu's Armour         Ice            1%         N/A       52%         3
 Tukima's Dance           Hex            1%         N/A       52%         3
 Petrify                  Tmut/Erth      11%        N/A       52%         4
 Ozocubu's Refrigeration  Ice            0%         4d5       100%        7


Dungeon Overview and Level Annotations

Branches:
Dungeon (2/15)

Altars:


Innate Abilities, Weirdness & Mutations

You cannot be hasted, slowed, berserked, paralysed or teleported.
You can dig through walls and to a lower floor.
You have a pair of large antennae on your head. (SInv)
Your four strong arms can wield two-handed weapons with a shield.


Message History

Confirm with . or Enter, or press ? or * to list all spells.
Aiming: Sandblast (safe; 4% risk of failure)
Press: ? - help, Shift-Dir - straight line, f - gnoll
Aim: a gnoll, wielding a +0 club (82% to hit)
The blast of sand hits the gnoll!
The gnoll is severely wounded.
The gnoll hits you with a +0 club!
Casting: Sandblast (safe; 4% risk of failure)
Confirm with . or Enter, or press ? or * to list all spells.
Aiming: Sandblast (safe; 4% risk of failure)
Press: ? - help, Shift-Dir - straight line, f/p - gnoll
Aim: a gnoll, wielding a +0 club (severely wounded, 82% to hit)
The blast of sand hits the gnoll!
You kill the gnoll!
The gnoll hits you with a +0 club. The gnoll hits you with a +0 whip.
Casting: Sandblast (safe; 4% risk of failure)
Confirm with . or Enter, or press ? or * to list all spells.
Aiming: Sandblast (safe; 4% risk of failure)
Press: ? - help, Shift-Dir - straight line, f - gnoll
Aim: a gnoll, wielding a +0 club (82% to hit)
The blast of sand hits the gnoll!
The gnoll is severely wounded.
The gnoll hits you with a +0 club.
* * * LOW HITPOINT WARNING * * *
The gnoll hits you with a +0 whip.
* * * LOW HITPOINT WARNING * * *
Casting: Sandblast (safe; 4% risk of failure)
Confirm with . or Enter, or press ? or * to list all spells.
Aiming: Sandblast (safe; 4% risk of failure)
Press: ? - help, Shift-Dir - straight line, f/p - gnoll
Aim: a gnoll, wielding a +0 club (severely wounded, 82% to hit)
The blast of sand hits the gnoll!
You kill the gnoll!
The gnoll hits you with a +0 whip!
* * * LOW HITPOINT WARNING * * *
Your Fighting skill increases to level 2!
It was a potion of attraction.
You feel attractive to monsters. The gnoll hits you with a +0 whip.
You die...

....# #... ... #>. ... .
#### ######.##..# ..
##...##...##.##..### ...
#............##....##...
......g.................
......)@............##..
.......)....#.#.........
#....<............†##..#
##...##...#.........#.##
#### #####.............
#.............
#........#.?..
.....######.... ......#
#......


You could see a gnoll.

Vanquished Creatures
  An orc priest (D:2)
  An orc wizard (D:2)
  2 gnolls (D:2)
  2 adders
  2 dart slugs (D:2)
  3 orcs
  3 endoplasms (D:1)
  2 jackals (D:2)
  2 quokkas
  2 ball pythons
  2 bats (D:2)
  2 frilled lizards
  A kobold (D:1)
  3 rats
28 creatures vanquished.

Notes
Turn   | Place    | Note
-------+----------+-------------------------------------------
     0 | D:1      | Klosterheim the Formicid Earth Elementalist began the quest
                  | for the Orb.
     0 | D:1      | Reached XP level 1. HP: 13/13 MP: 3/3
   163 | D:1      | Found a faded altar of an unknown god.
   765 | D:1      | Reached XP level 2. HP: 14/20 MP: 5/5
  1192 | D:1      | Reached skill level 1 in Unarmed Combat
  1192 | D:1      | Reached XP level 3. HP: 6/25 MP: 0/6
  1716 | D:2      | Reached skill level 1 in Fighting
  1716 | D:2      | Reached skill level 4 in Earth Magic
  1716 | D:2      | Reached XP level 4. HP: 15/32 MP: 2/7
  2254 | D:2      | Reached XP level 5. HP: 27/38 MP: 8/8
  2303 | D:2      | HP: 1/38 [gnoll (7)]
  2304 | D:2      | Slain by a gnoll

Illustrated notes

Levels and vault maps discovered:
D:1:      minmay_arrival_three_doors, layout_loops_cross,
          chequers_ecumenical_altar_simple_redux
D:2:      layout_rooms, uniq_crazy_yiuf_cottage

Skill      XL: |  1  2  3  4  5 |
---------------+----------------+-----
Dodging        | 2 |  2.0
Unarmed Combat | 1 2 |  2.9
Fighting       | 1 2 |  2.0
Stealth        | 3 |  3.0
Earth Magic    | 4 |  4.0
Transmutations | 2 |  2.0
Spellcasting   | |  2.1

Action                   |  1- 3 |  4- 6 || total
-------------------------+-------+-------++-------
Melee: Unarmed           |    27 |    26 ||    53
 Cast: Sandblast         |    14 |    15 ||    29
  Use: Potion            |       |     1 ||     1
 Stab: Sleeping          |     3 |       ||     3
Armor: Robe              |     2 |     6 ||     8
Dodge: Dodged            |    21 |    23 ||    44

Table legend: (Time is in decaauts)
 A = Elapsed time spent in this place.
 B = Non-inter-level travel time spent in this place.
 C = Inter-level travel time spent in this place.
 D = Time resting spent in this place.
 E = Time spent auto-exploring this place.
 F = Levels seen in this place.
 G = Mean time per level.
                   A        B        C        D        E       F      G
               +--------+--------+--------+--------+--------+-----+--------+
         Total |   2304 |   2270 |     34 |   1107 |    960 |   2 | 1152.0 |
       Dungeon |   2304 |   2270 |     34 |   1107 |    960 |   2 | 1152.0 |
               +--------+--------+--------+--------+--------+-----+--------+

Top non-repeatable levels by time:
     D:1: 1907 daAuts
     D:2: 397 daAuts
